 Dungeon Crawl Stone Soup version 0.20.1-1-g8b1a95d (webtiles) character file.

161 esteth the Firebug (level 5, 0/28 HPs)
             Began as a Deep Elf Fire Elementalist on Oct 19, 2017.
             Killed from afar by a white imp (4 damage)
             ... with a puff of frost
             ... summoned by Natasha
             ... on level 3 of the Dungeon.
             The game lasted 00:14:50 (2769 turns).

esteth the Firebug (Deep Elf Fire Elementalist)     Turns: 2769, Time: 00:14:50

Health: 0/28       AC:  3    Str:  5    XL:     5   Next: 18%
Magic:  0/11       EV: 13    Int: 21    God:
Gold:   110        SH:  0    Dex: 15    Spells: 2/10 levels left

rFire    . . .     SeeInvis .   (no weapon)
rCold    . . .     Gourm    +   (no shield)
rNeg     . . .     Faith    .   a - +1 robe
rPois    .         Spirit   .   (no helmet)
rElec    .         Reflect  .   (no cloak)
rCorr    .         Harm     .   (no gloves)
MR       .....                  (no boots)
Stlth    +++.......             h - amulet of the gourmand
Regen    0.1/turn               d - ring of stealth
MPRegen  0.2/turn               (no ring)

@: no status effects
A: talons 1
a: no special abilities


You were on level 3 of the Dungeon.
You were completely stuffed.

You visited 1 branch of the dungeon, and saw 3 of its levels.

You collected 110 gold pieces.

Inventory:

Armour
 a - a +1 robe (worn)
Jewellery
 d - a ring of stealth (left hand)
 h - an amulet of the gourmand (around neck)
Potions
 e - a potion of agility
 l - a potion of mutation
Books
 b - a book of Flames

   Spells                             Type                      Level
   a - Flame Tongue                   Conjuration/Fire             1
   b - Throw Flame                    Conjuration/Fire             2
   c - Conjure Flame                  Conjuration/Fire             3
   d - Inner Flame                    Hexes/Fire                   3
   e - Sticky Flame                   Conjuration/Fire             4
   f - Fireball                       Conjuration/Fire             5
Comestibles
 c - 3 bread rations
 f - a meat ration
 g - 2 chunks of flesh


   Skills:
 - Level 2.4 Dodging
 - Level 2.4 Stealth
 - Level 3.0 Spellcasting
 + Level 4.5 Conjurations
 + Level 4.6 Fire Magic


You had 2 spell levels left.
You knew the following spells:

 Your Spells              Type           Power        Failure   Level  Hunger
a - Flame Tongue          Conj/Fire      ###..        1%          1    None
b - Conjure Flame         Conj/Fire      ###.....     6%          3    ###....
c - Sticky Flame          Conj/Fire      ###.....     21%         4    ####...


Dungeon Overview and Level Annotations

Branches:
Dungeon (3/15)

Altars:
Yredelemnul

Annotations:
D:3 Irenicus's ghost, amateur DDMo; Natasha


Innate Abilities, Weirdness & Mutations

You have sharp toenails.


Message History

The white imp gestures at you. The puff of frost misses you.
The puff of frost hits Irenicus's ghost.
Irenicus's ghost resists.
You barely miss the white imp.
Irenicus's ghost hits you but does no damage.
The white imp gestures at you. The puff of frost hits you!
Casting: Flame Tongue
Confirm with . or Enter, or press ? or * to list all spells.
Aiming: Sticky Flame
Press: ? - help, Shift-Dir - straight line, f/p - Irenicus's ghost
Aim: Irenicus's ghost (moderately damaged)
The sticky flame hits Irenicus's ghost.
Irenicus's ghost is moderately damaged.
Irenicus's ghost hits you!
* * * LOW HITPOINT WARNING * * *
The white imp gestures at you. The puff of frost hits you!
You die...

#.##...# .#...#.§....#
#...#..# '...'...._.#
###.#..# #...#.§.§.§#
#.#..# #.r.######## #.#..##
#######.#########
#.#.#.#####...##...)..#.##.
#.#.#...>...####....###.##.
#.#.##...######..#......##.
#.......h5@Wr...#######....
#........##############.#..
##..####.####### #....(.##÷
#..# #.......###.#######.
#..# #######..##.# #. #..#
##.##[# #. #..# ####.....#
#. #..# ####......[.# ..
#[.# ##....######.# .#


You could see Natasha, Irenicus's ghost, a white imp and a rat.

Vanquished Creatures
  Natasha (twice) (D:3)
  Robin (D:2)
  3 adders
  2 worms
  3 dart slugs
  2 leopard geckos (D:1)
  2 orcs (D:3)
  9 bats
  3 giant cockroaches
  5 hobgoblins
  3 jackals
  A quokka (D:2)
  A ball python (D:1)
  2 frilled lizards (D:2)
  13 goblins
  2 kobolds
  6 rats
60 creatures vanquished.

Notes
Turn   | Place    | Note
-------+----------+-------------------------------------------
     0 | D:1      | esteth the Deep Elf Fire Elementalist began the quest for the Orb.
     0 | D:1      | Reached XP level 1. HP: 10/10 MP: 6/6
   358 | D:1      | Reached XP level 2. HP: 15/15 MP: 5/8
   746 | D:2      | Noticed Robin
   898 | D:1      | Reached XP level 3. HP: 10/19 MP: 0/9
  1411 | D:2      | Killed Robin
  1858 | D:2      | Learned a level 3 spell: Conjure Flame
  1944 | D:2      | Reached XP level 4. HP: 19/24 MP: 6/10
  1950 | D:2      | Learned a level 4 spell: Sticky Flame
  2200 | D:3      | Found a basalt altar of Yredelemnul.
  2390 | D:3      | Noticed Natasha
  2401 | D:3      | Gained mutation: You have an increased reservoir of magic. (+10% MP) [potion of mutation]
  2401 | D:3      | Lost mutation: You have an increased reservoir of magic. (+10% MP) [potion of mutation]
  2401 | D:3      | Gained mutation: You have sharp toenails. [potion of mutation]
  2410 | D:3      | Killed Natasha
  2752 | D:3      | Noticed Natasha
  2752 | D:3      | Noticed Irenicus's ghost (amateur DDMo)
  2756 | D:3      | Killed Natasha
  2756 | D:3      | Reached XP level 5. HP: 28/28 MP: 4/11
  2762 | D:3      | Noticed Natasha
  2769 | D:3      | Killed from afar by a white imp

Skill      XL: |  1  2  3  4 |
---------------+-------------+-----
Conjurations   | 2 3 4 |  4.5
Fire Magic     | 4 |  4.6
Dodging        | |  2.4
Stealth        | |  2.4
Spellcasting   | |  3.0

Action                   |  1- 3 |  4- 6 || total
-------------------------+-------+-------++-------
Melee: Unarmed           |     6 |     8 ||    14
 Cast: Flame Tongue      |    78 |    37 ||   115
       Conjure Flame     |       |     1 ||     1
       Sticky Flame      |       |     1 ||     1
  Use: Scroll            |     1 |     6 ||     7
       Potion            |       |     5 ||     5
  Eat: Chunk             |    19 |     3 ||    22
Armor: Robe              |     7 |     6 ||    13
       Skin              |       |     6 ||     6
Dodge: Dodged            |    40 |     5 ||    45
